 Dungeon Sprint DCSS version 0.29-a0-275-g389c0b56f3 (webtiles) character file.

Game seed: 14804839899770252596

17300 mhtbhm the Executioner (level 12, -11/205 HPs)
             Began as a Minotaur Berserker on Mar 12, 2022.
             Was the Champion of Trog.
             Mangled by an iron golem (15 damage)
             ... in the Dungeon (Sprint II: "The Violet Keep of Menkaure").
             The game lasted 00:07:45 (3429 turns).

mhtbhm the Executioner (Minotaur Berserker)         Turns: 3429, Time: 00:07:46

Health: -11/205    AC: 24    Str: 26    XL:     12   Next: 17%
Magic:  11/11      EV: 13    Int:  4    God:    Trog [******]
Gold:   1448       SH:  5    Dex: 15    Spells: 11/11 levels left

rFire   + . .      SeeInvis .   a - +6 battleaxe "Transmigrator" {vorpal, rN+ Dex+4}
rCold   . . .      Faith    .   (shield currently unavailable)
rNeg    + . .      Spirit   .   b - +3 chain mail {rF+}
rPois   +          Reflect  +   (helmet restricted)
rElec   .          Harm     .   (no cloak)
rCorr   .          Rampage  +   (no gloves)
Will    .....      NoTele   +   j - +2 pair of boots {rampage}
Stlth   ..........              m - amulet of reflection
HPRegen 0.44/turn               i - ring of poison resistance
MPRegen 0.12/turn               w - +4 ring of protection

@: berserking (expiring), very quick
A: horns 2, retaliatory headbutt
a: Renounce Religion, Berserk, Trog's Hand, Brothers in Arms


You were in the Dungeon.
You worshipped Trog.
Trog was exalted by your worship.
You visited 1 branch You collected 2363 gold pieces.
You spent 915 gold pieces at shops.

Inventory:

Hand Weapons
 a - the +6 battleaxe "Transmigrator" (weapon) {vorpal, rN+ Dex+4}
   (Trog gifted it to you in the Dungeon)

   It inflicts extra damage upon your enemies.
   Dex:       It affects your dexterity (+4).
   rN:        It protects you from negative energy.
 v - a +6 executioner's axe of flaming
Missiles
 n - 3 poisoned darts (quivered)
 y - 2 atropa-tipped darts
Armour
 b - a +3 chain mail of fire resistance (worn)
 j - a +2 pair of boots of rampaging (worn)
Jewellery
 i - a ring of poison resistance (left hand)
 k - a ring of fire
 m - an amulet of reflection (around neck)
 s - a ring of magical power
 w - a +4 ring of protection (right hand)
 C - a ring of positive energy
Scrolls
 h - a scroll of blinking
 r - 2 scrolls of immolation
 t - a scroll of torment
 u - a scroll of enchant armour
 x - a scroll of silence
 B - a scroll of enchant weapon {unknown}
Potions
 c - a potion of curing
 d - a potion of heal wounds
 e - 4 potions of haste
 f - 5 potions of magic
 g - 2 potions of berserk rage
 l - 4 potions of flight
 o - 2 potions of ambrosia
 p - a potion of attraction
 q - 3 potions of resistance
 z - a potion of invisibility
 A - a potion of might
 D - 3 potions of mutation {unknown}


   Skills:
 + Level 22.1 Fighting
 + Level 22.5 Axes
 + Level 16.8 Armour
 + Level 9.7 Dodging
 + Level 1.5 Stealth
 + Level 0.3 Shields


You had 11 spell levels left.
You didn't know any spells.
Your spell library was empty.

Dungeon Overview and Level Annotations

Branches:
Dungeon (1/1)

Altars:
Cheibriados
Dithmenos
Elyvilon
Fedhas
Gozag
Hepliaklqana
Kikubaaqudgha
Makhleb
Nemelex Xobeh
Okawaru
Qazlal
Ru
Sif Muna
Trog
Uskayaw
Vehumet
Wu Jian
Xom
Yredelemnul
Zin
The Shining One
Beogh
Jiyva
Lugonu

Shops:
D :*?[=(**!:(=![[

Annotations:
D exclusions: obsidian statue and oklob plant


Innate Abilities, Weirdness & Mutations

You have a pair of horns on your head.
You reflexively headbutt those who attack you in melee.


Message History

The iron golem is moderately damaged.
Unknown command.
You slash the iron golem!
The iron golem is moderately damaged.
You slice the iron golem!!
The iron golem is heavily damaged.
The iron golem hits you but does no damage.
The iron golem hits you.
* * * LOW HITPOINT WARNING * * *
Unknown command.
You barely miss the iron golem. You headbutt the iron golem.
The iron golem is heavily damaged.
The iron golem hits you but does no damage.
The iron golem closely misses you.
You slice the iron golem!!
You headbutt the iron golem, but do no damage.
The iron golem is severely damaged.
You slash the iron golem!
You headbutt the iron golem, but do no damage.
The iron golem is severely damaged.
The iron golem barely misses you. The iron golem misses you.
You slash the iron golem! Your headbutt misses the iron golem.
The iron golem is severely damaged.
You hit the iron golem.
You headbutt the iron golem, but do no damage.
The iron golem is severely damaged.
The iron golem hits you but does no damage.
The iron golem hits you!!
* * * LOW HITPOINT WARNING * * *
Unknown command.
You hit the iron golem.
The iron golem is severely damaged.
Unknown command.
You hit the iron golem but do no damage.
You headbutt the iron golem, but do no damage.
The iron golem is severely damaged.
You slice the iron golem!!
The iron golem is almost destroyed.
The iron golem hits you!
You die...

###### #.):.# ###).|[##▓
#....)...▓ #[......@▓
▓▓▓ ##⌠....#9▓ ..▓
##[.÷[#9E ▓▓+▓▓▓▓.▓
##÷)##E..+..°▓0..▓
##≈.).###.#.○.▓▓▓▓▓▓▓▓▓▓
#
#[≈.....###.°.▓≈≈≈≈≈≈§≈▓
#+++# ####....#
##○°▓▓▓▓▓▓▓▓▓▓ ....
#..')...# .#[[▓....[..(▓
≈.##+##..#..####.#
.#°|▓)[).....▓


You could see an iron golem, a toenail golem and 2 earth elementals.

Vanquished Creatures
  An electric golem (D)
  A deep elf master archer (D)
  A kraken (D)
  2 sphinxes (D)
  A crystal guardian (D)
  An ice dragon (D)
  A great orb of eyes (D)
  2 death drakes (D)
  2 deep trolls (D)
  A merfolk siren (D)
  2 cane toads (D)
  A yaktaur (D)
  A hornet (D)
  3 polar bears (D)
  A blink frog (D)
  3 slime creatures (D)
  12 flying skulls (D)
  7 wyverns (D)
  2 redbacks (D)
  Menkaure (D)
  3 water moccasins (D)
  2 swamp drakes (D)
  3 black bears (D)
  4 necrophages (D)
  4 scorpions (D)
  9 electric eels (D)
  A spectral ball python (D)
  3 tentacles (D)
75 creatures vanquished.

Vanquished Creatures (others)
  A water moccasin (D)
  A spectral adder (D)
  2 tentacles (D)
4 creatures vanquished.

Grand Total: 79 creatures vanquished

Notes
Turn   | Place    | Note
-------+----------+-------------------------------------------
     0 | D        | mhtbhm the Minotaur Berserker began the quest for the Orb.
     0 | D        | Reached XP level 1. HP: 19/19 MP: 0/0
     1 | D        | Noticed a necrophage
     1 | D        | Noticed a necrophage
     1 | D        | Noticed a necrophage
     1 | D        | Noticed a necrophage
     8 | D        | Killed a necrophage
     9 | D        | Reached XP level 2. HP: 29/31 MP: 1/1
     9 | D        | Reached XP level 3. HP: 35/38 MP: 2/2
    10 | D        | Killed a necrophage
    11 | D        | Reached XP level 4. HP: 45/48 MP: 3/3
    13 | D        | Killed a necrophage
    13 | D        | Reached ** piety under Trog
    14 | D        | Reached XP level 5. HP: 52/57 MP: 4/4
    17 | D        | Reached skill level 5 in Armour
   125 | D        | Noticed a wyvern
   125 | D        | Noticed a wyvern
   132 | D        | Killed a wyvern
   133 | D        | Reached skill level 5 in Dodging
   133 | D        | Reached XP level 6. HP: 54/68 MP: 5/5
   138 | D        | Killed a wyvern
   139 | D        | Reached XP level 7. HP: 19/77 MP: 6/6
   416 | D        | Noticed a merfolk siren
   422 | D        | Killed a merfolk siren
   422 | D        | Reached *** piety under Trog
   485 | D        | Reached XP level 8. HP: 89/89 MP: 7/7
   488 | D        | Reached **** piety under Trog
   533 | D        | Found Xaoqaisi's General Store.
   533 | D        | Found Qiziasch's Antique Weapon Shoppe.
   533 | D        | Found Ithacku's Distillery.
   533 | D        | Found Yrche's Weapon Emporium.
   533 | D        | Found Isowogil's Armour Shoppe.
   533 | D        | Found Jienux's Book Emporium.
   534 | D        | Found Hufrev's Antique Armour Emporium.
   534 | D        | Found Dufeut's Distillery.
   534 | D        | Found Cewk's Assorted Antiques.
   535 | D        | Found Holiuge's Antique Armour Shoppe.
   535 | D        | Found Bisamoha's Magic Scroll Emporium.
   536 | D        | Found Xienahis's Assorted Antiques.
   537 | D        | Found Vonuysmy's Jewellery Shoppe.
   537 | D        | Found Caquox's Jewellery Emporium.
   542 | D        | Noticed a blink frog
   552 | D        | Killed a blink frog
   630 | D        | Noticed a shining eye
   631 | D        | Noticed Menkaure
   631 | D        | Noticed a shining eye
   631 | D        | Noticed a shining eye
   631 | D        | Noticed an oklob plant
   632 | D        | Found Giats's Book Shoppe.
   636 | D        | Noticed a death yak
   643 | D        | Killed Menkaure
   714 | D        | Noticed a manticore
   714 | D        | Noticed a manticore
   737 | D        | Bought a runed chain mail for 180 gold pieces
   776 | D        | Bought a knobbly golden ring for 130 gold pieces
   785 | D        | Bought a +2 pair of boots of rampaging for 215 gold pieces
   818 | D        | Found an iron altar of Okawaru.
   818 | D        | Found an opulent altar of Gozag.
   819 | D        | Found a sparkling altar of Nemelex Xobeh.
   819 | D        | Found a blossoming altar of Fedhas.
   820 | D        | Found a radiant altar of Vehumet.
   820 | D        | Found a burning altar of Makhleb.
   820 | D        | Found a white marble altar of Elyvilon.
   821 | D        | Found a hide-covered altar of Uskayaw.
   821 | D        | Found a corrupted altar of Lugonu.
   821 | D        | Found a shadowy altar of Dithmenos.
   822 | D        | Found a glowing silver altar of Zin.
   822 | D        | Found a bloodstained altar of Trog.
   822 | D        | Found an ancient bone altar of Kikubaaqudgha.
   823 | D        | Found a basalt altar of Yredelemnul.
   823 | D        | Found a shimmering blue altar of Sif Muna.
   823 | D        | Found a viscous altar of Jiyva.
   824 | D        | Found a shimmering altar of Xom.
   824 | D        | Found a sacrificial altar of Ru.
   825 | D        | Found a glowing golden altar of the Shining One.
   825 | D        | Found an ornate altar of the Wu Jian Council.
   826 | D        | Noticed a yaktaur
   826 | D        | Noticed a hornet
   826 | D        | Noticed a polar bear
   826 | D        | Noticed a polar bear
   826 | D        | Noticed a polar bear
   832 | D        | Killed a polar bear
   833 | D        | Reached skill level 15 in Fighting
   839 | D        | Killed a hornet
   842 | D        | Killed a polar bear
   842 | D        | Reached ***** piety under Trog
   843 | D        | Reached skill level 15 in Axes
   843 | D        | Reached XP level 9. HP: 100/100 MP: 8/8
   845 | D        | Killed a yaktaur
   847 | D        | Killed a polar bear
   898 | D        | Found a stormy altar of Qazlal.
   931 | D        | Noticed a kraken
  1080 | D        | Killed a kraken
  1080 | D        | Identified the +6 battleaxe "Transmigrator" {vorpal, rN+
                  | Dex+4} (Trog gifted it to you in the Dungeon)
  1080 | D        | Received a gift from Trog
  1232 | D        | Found a hazy altar of Hepliaklqana.
  1232 | D        | Found a snail-covered altar of Cheibriados.
  1281 | D        | Noticed a deep troll
  1281 | D        | Noticed a deep troll
  1287 | D        | Killed a deep troll
  1288 | D        | Reached skill level 10 in Armour
  1288 | D        | Reached XP level 10. HP: 114/114 MP: 9/9
  1288 | D        | Killed a deep troll
  1393 | D        | Noticed a sphinx
  1393 | D        | Noticed a sphinx
  1398 | D        | Killed a sphinx
  1404 | D        | Killed a sphinx
  1503 | D        | Noticed an obsidian statue
  1535 | D        | Noticed a death drake
  1545 | D        | Killed a death drake
  1546 | D        | Noticed a crystal guardian
  1547 | D        | Noticed a death drake
  1556 | D        | Killed a death drake
  1557 | D        | Reached XP level 11. HP: 107/124 MP: 10/10
  1567 | D        | Killed a crystal guardian
  1895 | D        | Noticed a great orb of eyes
  1898 | D        | Killed a great orb of eyes
  1959 | D        | Noticed a deep elf master archer
  2133 | D        | Reached ****** piety under Trog
  2134 | D        | Received a gift from Trog
  2253 | D        | Killed a deep elf master archer
  2254 | D        | Reached skill level 15 in Armour
  2254 | D        | Reached skill level 1 in Stealth
  2436 | D        | Bought a potion of invisibility for 88 gold pieces
  2452 | D        | Bought 2 potions of flight for 66 gold pieces
  2452 | D        | Bought a potion of might for 44 gold pieces
  2456 | D        | Bought a scroll of identify for 28 gold pieces
  2456 | D        | Bought a scroll of identify for 28 gold pieces
  2456 | D        | Bought a scroll of identify for 28 gold pieces
  2456 | D        | Bought 2 scrolls of identify for 56 gold pieces
  2465 | D        | Bought a scroll of identify for 52 gold pieces
  2898 | D        | Received a gift from Trog
  2905 | D        | Received a gift from Trog
  3073 | D        | Noticed an ice dragon
  3081 | D        | Received a gift from Trog
  3086 | D        | Killed an ice dragon
  3087 | D        | Reached XP level 12. HP: 103/137 MP: 11/11
  3087 | D        | Received a gift from Trog
  3406 | D        | Noticed an electric golem
  3406 | D        | Noticed an iron golem
  3412 | D        | Killed an electric golem
  3426 | D        | HP: 3/205 [iron golem (25)]
  3429 | D        | Mangled by an iron golem

Illustrated notes

Levels and vault maps discovered:
D:        the_violet_keep_of_menkaure [sprint2_stairs_cluster_1,
          sprint2_shoproom, sprint2_temple, sprint2_basic_supplies,
          sprint2_obstacle_7, sprint2_obstacle_3, sprint2_obstacle_2,
          sprint2_obstacle_1, sprint2_obstacle_5, sprint2_timed_cluster_1,
          sprint2_smallroom_cluster_1, sprint2_smallroom_final_cluster_1,
          sprint2_transparent_cluster_1, sprint2_second_timed_cluster_1,
          sprint2_sniper_area_1, sprint2_heavy_combat_area_1,
          sprint2_mutation_trap_area_1, sprint2_forest_area_1,
          sprint2_light_combat_area_1, sprint2_behind_water_1,
          sprint2_near_end_vault_1]

Skill      XL: |  1  2  3  4  5  6  7  8  9 10 11 12 |
---------------+-------------------------------------+-----
Fighting       | 6 8 9 11 12 14 16 18 20 21 22 | 22.1
Axes           | 6 8 9 11 13 15 17 19 22 | 22.5
Armour         | 3 4 5 6 7 10 13 16 | 16.8
Dodging        | 3 4 5 6 7 8 9 |  9.7
Stealth        | 1 |  1.5
Shields        | |  0.3

Action                   |  1- 3 |  4- 6 |  7- 9 | 10-12 || total
-------------------------+-------+-------+-------+-------++-------
Melee: Hand axe          |     8 |    16 |    57 |       ||    81
       Headbutt          |     2 |     4 |    12 |    22 ||    40
       Battleaxe         |       |       |    19 |   109 ||   128
Invok: Berserk           |     1 |     1 |     6 |     7 ||    15
       Brothers in Arms  |       |       |       |     1 ||     1
  Use: Scroll            |       |       |       |     8 ||     8
       Potion            |       |       |       |     5 ||     5
 Stab: Distracted        |       |       |       |     1 ||     1
Armor: Chain mail        |       |       |    31 |    37 ||    68
Dodge: Dodged            |     2 |     4 |    35 |    55 ||    96
Block: Other             |       |       |       |     3 ||     3

Table legend: (Time is in decaauts)
 A = Elapsed time spent in this place.
 B = Non-inter-level travel time spent in this place.
 C = Inter-level travel time spent in this place.
 D = Time resting spent in this place.
 E = Time spent auto-exploring this place.
 F = Levels seen in this place.
 G = Mean time per level.
                   A        B        C        D        E       F      G
               +--------+--------+--------+--------+--------+-----+--------+
         Total |   3606 |   3606 |      0 |   2485 |      0 |   1 | 3606.0 |
       Dungeon |   3606 |   3606 |      0 |   2485 |      0 |   1 | 3606.0 |
               +--------+--------+--------+--------+--------+-----+--------+

Top non-repeatable levels by time:
       D: 3606 daAuts
